 Dungeon Crawl Stone Soup version 0.21.1-1-g345015f (webtiles) character file.

814 Goblin1989 the Insei (level 7, -1/51 HPs)
             Began as a Demonspawn Transmuter on Mar 16, 2018.
             Was a Follower of Wu Jian.
             Slain by an orc warrior
             ... wielding a +0 halberd
              (28 damage)
             ... on level 6 of the Dungeon.
             The game lasted 00:17:55 (6855 turns).

Goblin1989 the Insei (Demonspawn Transmuter)        Turns: 6855, Time: 00:17:56

Health: -1/51      AC:  2    Str: 10    XL:     7   Next: 62%
Magic:  8/11       EV: 21    Int: 21    God:    Wu Jian [*.....]
Gold:   310        SH:  0    Dex: 18    Spells: 2/12 levels left

rFire    . . .     SeeInvis .     - Unarmed
rCold    . . .     Gourm    .   (shield currently unavailable)
rNeg     . . .     Faith    .   (armour currently unavailable)
rPois    x         Spirit   .   (helmet currently unavailable)
rElec    .         Reflect  .   (cloak currently unavailable)
rCorr    .         Harm     .   (gloves currently unavailable)
MR       .....                  (boots currently unavailable)
Stlth    ++........             (no amulet)
HPRegen  0.17/turn              V - +4 ring of intelligence
MPRegen  0.12/turn              (no ring)

@: spider-form
A: tiny, demonic guardian 1, foul stench 1, rot immunity
a: End Transformation, Renounce Religion


You were on level 6 of the Dungeon.
You worshipped Wu Jian.
Wu Jian was aware of your devotion.
You were hungry.
You were a venomous arachnid creature.
You visited 1 branch of the dungeon, and saw 6 of its levels.

You collected 310 gold pieces.

Inventory:

Hand Weapons
 b - the +4 dagger of the Assorted Allies {pierce, MR+ Stlth+}
   (You found it on level 5 of the Dungeon)

   It inflicts extra damage upon your enemies.
   It affects your resistance to hostile enchantments.
   It makes you more stealthy.
 O - a +2 trident of venom
Missiles
 a - 52 arrows
 Z - a throwing net (quivered) {!d , @Q1}
Armour
 v - a +0 robe (melded)
 N - a +2 pair of gloves (melded)
 U - a +0 buckler
Jewellery
 J - an uncursed ring of ice
 V - a +4 ring of intelligence (left front leg)
Wands
 H - a wand of digging (18)
Scrolls
 B - 2 scrolls of blinking
 P - a scroll of fog
 R - 2 scrolls of identify {@r1}
 T - 2 scrolls of teleportation {!r, @r3}
 W - a scroll of enchant armour
Potions
 j - a potion of heal wounds {@q2, !q}
 L - a potion of flight
 M - a potion of haste
 Q - a potion of invisibility
 X - a potion of berserk rage
 Y - 3 potions of curing {@q1}
Books
 c - a book of Changes

   Spells                             Type                      Level
   a - Beastly Appendage              Transmutation                1
   b - Sticks to Snakes               Transmutation                2
   c - Spider Form                    Transmutation/Poison         3
   d - Ice Form                       Ice/Transmutation            4
   e - Blade Hands                    Transmutation                5
Comestibles
 e - 7 rations
 S - 2 chunks of flesh


   Skills:
 + Level 2.7 Fighting
 + Level 3.0 Dodging
 + Level 1.9 Shields
 * Level 5.5 Unarmed Combat
 + Level 3.1 Spellcasting
 * Level 4.0 Transmutations


You had 2 spell levels left.
You knew the following spells:

 Your Spells              Type           Power        Failure   Level  Hunger
a - Beastly Appendage     Tmut           ###...       10%         1    None
b - Sticks to Snakes      Tmut           ###.....     12%         2    ##.....
c - Spider Form           Tmut/Pois      ##........   36%         3    ###....
d - Ice Form              Ice/Tmut       ##......     71%         4    ####...


Dungeon Overview and Level Annotations

Branches:
Dungeon (6/15)
 Temple: D:4-7

Altars:
Cheibriados
Dithmenos
Elyvilon
Hepliaklqana
Qazlal
Ru
Trog
Wu Jian
Yredelemnul
Zin

Annotations:
D:5 letownia2's ghost, novice MfTm
D:6 Menkaure


Innate Abilities, Weirdness & Mutations

((You have sharp fingernails.))
((You are partially covered in thin metallic scales. (AC +2)))
A weak demonic guardian rushes to your aid.
You may emit foul miasma when damaged in melee.
You are immune to rotting.


Message History

Your transformation has ended.
Your +2 pair of gloves unmelds from your body.
Your +0 robe unmelds from your body.
MP restored: 11
There is a stone staircase leading up here.
You climb upwards.
Level annotation: letownia2's ghost, novice MfTm
There is a stone staircase leading down here.
You start resting.
You are feeling hungry.
You regained 4 hp, and now have 8/51 hp.
Unknown command.
You start resting.
You are feeling very hungry.
You regained 31 hp, and now have 39/51 hp.
You start resting.
HP restored.
Health restored: 51 You climb downwards.
Level annotation: Menkaure The orc hits you with a flail!
There is a stone staircase leading up, spattered with blood here.
You take 7 damage, and have 44/51 hp.
You hit the orc.
The orc is heavily wounded.
The orc hits you but does no damage.
The orc looks sick.
You closely miss the orc.
The orc is heavily wounded.
The orc hits you with a flail.
You take 1 damage, and have 43/51 hp.
You punch the orc!
You kill the orc!
The Council accepts your kill.
Things that are here:
a flail; a scale mail; an orc corpse You butcher the orc corpse.
S - 3 chunks of flesh
Things that are here:
a flail; a scale mail; an orc skeleton This spell is very dangerous to cast!
Memorise Ice Form, consuming 4 spell levels and leaving 2?
You start memorising the spell.
You continue memorising. x4
You finish memorising.
Spell assigned to 'd'.
Unknown command.
Wear which item? (? for menu, Esc to quit)
You start removing your armour.
You continue taking off your +2 pair of gloves. x4
You finish taking off your +2 pair of gloves.
You start putting on your armour.
You continue putting on your pair of embroidered gloves. x5
You finish putting on your +2 pair of gloves.
Unknown command.
Drop what? 25/52 slots (_ for help) (? for menu, Esc to quit)
You drop a +2 pair of gloves.
As you read the scroll of identify {@r1}, it crumbles to dust.
M - a potion of haste
As you read the scroll of identify {@r1}, it crumbles to dust.
L - a potion of flight Eating one of 3 chunks of flesh.
You eat one of the 3 chunks of flesh.
This raw flesh tastes terrible.
HP restored.
There is an open door here.
Things that are here:
a leather armour; a dagger The orc warrior shouts!
The orc warrior is too close now for your liking.
Health restored: 51
Casting: Spider Form
Confirm with . or Enter, or press ? or * to list all spells.
You turn into a venomous arachnid creature.
Your +2 pair of gloves melds into your body.
Your +0 robe melds into your body.
You are feeling hungry.
You now have 8/11 mp.
The orc warrior hits your ufetubus with a halberd!!
Your ufetubus dies!
You lunge at the orc warrior.
You barely miss the orc warrior.
The orc warrior hits you with a halberd.
The orc closely misses you.
You take 5 damage, and have 46/51 hp.
Unknown command.
You spin and attack the orc warrior.
You hit the orc warrior.
The orc warrior is lightly wounded.
The orc warrior closely misses you. The orc misses you.
Unknown command.
You spin and attack the orc warrior.
You hit the orc warrior but do no damage.
The orc warrior is poisoned.
The orc warrior is lightly wounded.
The orc hits you with a trident.
The orc warrior hits you with a halberd!!
The orc warrior looks sick.
Your white imp hits the orc warrior but does no damage.
You take 20 damage, and have 27/51 hp.
MASSIVE DAMAGE!!
You spin and attack the orc warrior.
You barely miss the orc warrior.
The orc warrior is lightly wounded.
You spin and attack the orc.
You barely miss the orc. The orc misses you.
The orc warrior hits you with a halberd!!
Ouch! That really hurt!
You die...

██...████....█.....██▲███
█████████...████....█......█[.██
.█............█......[......█....
.█............█......█......█....
.█............█......█......∆....
.█............█......█......█....
.█............█...5..█......█....
.█............█..o...█......█....
.█.....)o..o5.█.so...█......█....
.█████)█████o██...██∆█......█....
o.o..).....█.██...█........██....
...........█......▲........█.....
...........█......█........█.....
...........█......█........█.....
..................█........██████
..█████████.......█.....████...██
..█ █.███████.....█........


You could see an orc warrior (pinned), an orc (pinned) and a friendly white imp.

Vanquished Creatures
  A phantom (D:6)
  A centaur (D:5)
  Dowan (D:6)
  A scorpion (D:4)
  A bullfrog zombie (D:6)
  An orc priest (D:3)
  A bullfrog skeleton (D:5)
  2 hounds
  A hound skeleton (D:6)
  5 adders
  An ooze (D:2)
  A worm (D:2)
  2 leopard geckos (D:3)
  6 orcs
  5 giant cockroaches
  11 goblins
  7 hobgoblins
  15 jackals
  9 kobolds
  A quokka (D:3)
  2 ball pythons (D:1)
  8 bats
  9 frilled lizards
  A quokka skeleton (D:5)
  12 rats
105 creatures vanquished.

Vanquished Creatures (collateral kills)
  Duvessa (D:6)
  2 ogres
  A bullfrog (D:6)
  An orc (D:6)
5 creatures vanquished.

Grand Total: 110 creatures vanquished

Notes
Turn   | Place    | Note
-------+----------+-------------------------------------------
     0 | D:1      | Goblin1989 the Demonspawn Transmuter began the quest for the Orb.
     0 | D:1      | Reached XP level 1. HP: 15/15 MP: 3/3
    73 | D:1      | Reached skill level 3 in Unarmed Combat
   490 | D:1      | Gained mutation: You are partially covered in thin metallic scales. (AC +2) [demonic ancestry]
   490 | D:1      | Reached XP level 2. HP: 21/21 MP: 3/5
  1237 | D:1      | Gained mutation: You have sharp fingernails. [demonic ancestry]
  1237 | D:1      | Reached XP level 3. HP: 26/26 MP: 4/6
  1290 | D:1      | Reached skill level 4 in Unarmed Combat
  1349 | D:1      | Learned a level 2 spell: Sticks to Snakes
  1353 | D:1      | Learned a level 3 spell: Spider Form
  2025 | D:2      | Found an ornate altar of the Wu Jian Council.
  2028 | D:2      | Found a stormy altar of Qazlal.
  2029 | D:2      | Found a sacrificial altar of Ru.
  2030 | D:2      | Found a shadowy altar of Dithmenos.
  2030 | D:2      | Found a white marble altar of Elyvilon.
  2030 | D:2      | Found a basalt altar of Yredelemnul.
  2045 | D:2      | Gained mutation: You are immune to rotting. [demonic ancestry]
  2045 | D:2      | Reached XP level 4. HP: 31/32 MP: 5/7
  2071 | D:2      | Became a worshipper of the Wu Jian Council
  3264 | D:3      | Gained mutation: A weak demonic guardian rushes to your aid. [demonic ancestry]
  3264 | D:3      | Reached XP level 5. HP: 37/37 MP: 8/8
  3266 | D:3      | Reached * piety under Wu Jian
  3434 | D:3      | Found a snail-covered altar of Cheibriados.
  4014 | D:4      | Found a glowing silver altar of Zin.
  4739 | D:5      | Entered Level 5 of the Dungeon
  4812 | D:5      | Found a hazy altar of Hepliaklqana.
  4812 | D:5      | Found a faded altar of an unknown god.
  4820 | D:5      | Found a snail-covered altar of Cheibriados.
  4822 | D:5      | Found a bloodstained altar of Trog.
  4824 | D:5      | Found a faded altar of an unknown god.
  5064 | D:5      | Reached XP level 6. HP: 17/44 MP: 7/9
  5297 | D:5      | Got a polished dagger
  5298 | D:5      | Identified the +4 dagger of the Assorted Allies {pierce, MR+ Stlth+} (You found it on level 5 of the Dungeon)
  5325 | D:5      | Reached skill level 1 in Shields
  5440 | D:5      | Noticed letownia2's ghost (novice MfTm)
  5550 | D:5      | Reached skill level 5 in Unarmed Combat
  5868 | D:6      | Noticed Menkaure
  6216 | D:6      | Gained mutation: You may emit foul miasma when damaged in melee. [demonic ancestry]
  6216 | D:6      | Reached XP level 7. HP: 44/51 MP: 11/11
  6269 | D:6      | Noticed Dowan
  6270 | D:6      | Noticed Duvessa
  6274 | D:6      | Killed Duvessa
  6291 | D:6      | Killed Dowan
  6487 | D:6      | HP: 2/51 [orc/trident (4)]
  6498 | D:6      | HP: 1/51 [white imp/puff of frost[the player character] (3)]
  6802 | D:6      | Learned a level 4 spell: Ice Form
  6855 | D:6      | Slain by an orc warrior

Skill      XL: |  1  2  3  4  5  6  7 |
---------------+----------------------+-----
Unarmed Combat | 3 4 5 |  5.5
Transmutations | 2 3 4 |  4.0
Dodging        | 2 3 |  3.0
Fighting       | 2 |  2.7
Shields        | 1 |  1.9
Spellcasting   | 3 |  3.1

Action                   |  1- 3 |  4- 6 |  7- 9 || total
-------------------------+-------+-------+-------++-------
Melee: Unarmed           |   191 |   209 |    33 ||   433
       Kick              |     4 |     4 |       ||     8
       Punch             |     2 |     1 |       ||     3
       Headbutt          |     1 |       |       ||     1
 Cast: Beastly Appendage |     5 |     3 |       ||     8
       Spider Form       |       |     5 |     2 ||     7
       Sticks to Snakes  |       |     1 |       ||     1
Invok: Lunge             |       |     6 |     3 ||     9
       Whirlwind         |       |       |    12 ||    12
  Use: Scroll            |     3 |     9 |     2 ||    14
       Potion            |       |     2 |     1 ||     3
 Stab: Distracted        |       |     4 |       ||     4
       Sleeping          |       |     2 |       ||     2
  Eat: Chunk             |     4 |    11 |     1 ||    16
       Ration            |       |     1 |       ||     1
Armor: Robe              |    56 |    49 |     5 ||   110
       Skin              |       |     1 |       ||     1
Dodge: Dodged            |   151 |   116 |    16 ||   283
Block: Buckler           |       |     2 |       ||     2

Vault maps used:
D:1:      lemuel_arrival_funnel
D:2:      grunt_temple_overflow_open
D:3:      cheibriados_altar_1
D:4:      overflow_temple_1_default
D:5:      chequers_temple_overflow_minitemple, first_ration,
          uniq_crazy_yiuf_cottage
D:6:      temple_statues, uniq_duvessa, uniq_menkaure
